AoeStats
← Djurro

Arabia

509676785Analyzed
1v1 RM · 3d ago on Sep 27, 2026· 119m 24s· 2 players
Game mode
Random Map
Map size
Tiny (2 player)
Population
200
Speed
Normal
Resources
Standard
Victory
Conquest
Starting age
Dark Age
Ending age
Imperial Age
RankedLock teamsTeams togetherTeam positionsShared explorationLock speedFull tech treeHidden civsTurbo modeCheats
Victory
Defeat
🇨🇳 Franks · China
912
+17
🇨🇿 Spanish · Czechia
927
-17
1169656596
11:44 Feudal Age
10:02 Loom
15:05 Double-Bit Axe
15:15 Gold Mining
22:16 Man-at-Arms
23:54 Town Watch
29:28 Fletching
33:38 Forging
37:54 Castle Age
37:22 Scale Barding Armor
37:40 Stone Mining
39:08 Chain Barding Armor
39:24 Iron Casting
38:50 Elite Skirmisher
40:26 Bodkin Arrow
41:30 Pikeman
46:21 Scale Mail Armor
47:34 Squires
47:20 Arson
49:17 Gold Shaft Mining
48:56 Padded Archer Armor
50:57 Treadmill Crane
52:08 Chain Mail Armor
55:24 Wheelbarrow
55:42 Ballistics
55:41 Leather Archer Armor
55:46 Bow Saw
61:08 Imperial Age
58:55 Hand Cart
58:40 Town Patrol
60:38 Husbandry
63:05 Blast Furnace
62:47 Cavalier
64:22 Halberdier
65:33 Plate Mail Armor
66:19 Masonry
66:44 Light Cavalry
69:01 Conscription
68:43 Chivalry
69:38 Plate Barding Armor
83:44 Architecture
84:16 Chemistry
89:24 Long Swordsman
89:52 Gambesons
90:46 Two-Handed Swordsman
91:28 Murder Holes
101:40 Champion
117:15 Hoardings
Djurro
4:27 Loom
9:55 Feudal Age
18:05 Fletching
20:17 Castle Age
21:49 Bodkin Arrow
37:21 Wheelbarrow
39:51 Pikeman
42:35 Forging
43:10 Horse Collar
43:17 Double-Bit Axe
43:35 Town Watch
45:04 Scale Barding Armor
45:42 Gold Mining
45:46 Stone Mining
50:58 Imperial Age
50:10 Iron Casting
49:54 Husbandry
50:42 Bloodlines
51:12 Squires
51:41 Cavalier
54:12 Hand Cart
55:16 Conscription
55:03 Heavy Plow
58:39 Chemistry
57:50 Masonry
58:01 Ballistics
59:19 Blast Furnace
59:37 Thumb Ring
62:47 Paladin
63:21 Halberdier
67:46 Chain Barding Armor
69:29 Town Patrol
70:05 Plate Barding Armor
70:06 Architecture
69:54 Bow Saw
70:45 Hoardings
75:57 Onager
82:44 Bracer
83:56 Elite Skirmisher
87:53 Scale Mail Armor
88:06 Fortified Wall
95:22 Light Cavalry
97:49 Hussar
100:20 Padded Archer Armor
103:57 Elite Conquistador
110:08 Leather Archer Armor
Connection lost

Rejoining the realm…

Still unreachable

The connection could not be restored.

Session expired

The server has moved on; the page needs a fresh start.